 Dungeon Crawl Stone Soup version 0.31.0-11-ge490571c62 (webtiles) character file.

Game seed: 9760500243911743519

207 wildpjah the Slasher (level 5, -6/40 HPs)
             Began as a Merfolk Gladiator on Feb 6, 2024.
             Was a Follower of Vehumet.
             Killed by nerve-wracking pain
             ... invoked by Grinder
              (13 damage)
             ... on level 3 of the Dungeon.
             The game lasted 00:08:44 (3131 turns).

wildpjah the Slasher (Merfolk Gladiator)            Turns: 3131, Time: 00:08:45

Health: -6/40      AC:  7    Str: 14    XL:     5   Next: 85%
Magic:  4/5        EV: 13    Int:  8    God:    Vehumet [*.....]
Gold:   145        SH:  4    Dex: 17    Spells: 3/4 levels left

rFire   . . .        a - +0 long sword
rCold   . . .        j - +0 buckler
rNeg    . . .        b - +0 leather armour
rPois   +            c - +0 helmet
rElec   .            o - +1 cloak {rPois}
rCorr   +            w - +0 pair of gloves
SInv    .            (no boots)
Will    .....        (no amulet)
Stlth   ++           t - ring of resist corrosion
HPRegen 0.26/turn    (no ring)
MPRegen 0.09/turn

%: no passive effects
@: no status effects
A: (nimble swimmer 2), mertail
a: Renounce Religion


You were on level 3 of the Dungeon.
You worshipped Vehumet.
Vehumet was aware of your devotion.
You visited 1 branch of the dungeon, and saw 4 of its levels.

You collected 167 gold pieces.
You spent 22 gold pieces at shops.

Inventory:

Hand Weapons
 a - a +0 long sword (weapon)
Missiles
 x - a silver javelin
Armour
 b - a +0 leather armour (worn)
 c - a +0 helmet (worn)
 i - a +0 ring mail
 j - a +0 buckler (worn)
 o - a +1 cloak of poison resistance (worn)
 w - a +0 pair of gloves (worn)
Jewellery
 t - a ring of resist corrosion (left hand)
Wands
 d - a wand of polymorph (4)
Scrolls
 f - a scroll of identify
 g - a scroll of fog
 k - 2 scrolls of teleportation
 n - 2 scrolls of vulnerability {unknown}
 p - 2 scrolls of acquirement {unknown}
 q - a scroll of fear {unknown}
 r - a scroll of torment {unknown}
 s - a scroll of enchant armour {unknown}
 v - a scroll of brand weapon {unknown}
Potions
 h - a potion of curing
 m - 2 potions of magic
 u - a potion of resistance {unknown}


   Skills:
 + Level 2.9 Fighting
 * Level 5.7 Long Blades
 + Level 2.2 Throwing
 + Level 1.0 Armour
 + Level 5.1 Dodging
 + Level 1.0 Stealth
 + Level 0.3 Shields
 + Level 0.1 Spellcasting
 + Level 0.2 Conjurations


You had 3 spell levels left.
You knew the following spells:

 Your Spells              Type           Power      Damage    Failure   Level
a - Magic Dart            Conj           0%         1d3       56%         1

Your spell library contained the following spells:

 Spells                   Type           Power      Damage    Failure   Level
 Dazzling Flash           Conj/Hex       0%         N/A       91%         3
 Mephitic Cloud           Conj/Alch/Air  0%         N/A       91%         3
 Frozen Ramparts          Ice            0%         1d1       92%         3
 Leda's Liquefaction      Alch/Erth      0%         N/A       100%        4
 Petrify                  Alch/Erth      0%         N/A       100%        4
 Curse of Agony           Necr           0%         N/A       100%        5
 Metabolic Englaciation   Hex/Ice        0%         N/A       100%        5
 Silence                  Hex/Air        0%         N/A       100%        5


Dungeon Overview and Level Annotations

Branches:
Dungeon (4/15)
 Temple: D:4-7

Altars:
Vehumet
Wu Jian

Shops:
D:2 ?

Annotations:
D:3 Grinder


Innate Abilities, Weirdness & Mutations

((You are very nimble when in or above water. (Stealth+, EV+, Speed+++)))
Your lower body shifts to a powerful aquatic tail in water.


Message History

Press: ? - help, Q - select action, (/) - cycle Shift-Dir - straight line, f/p - Grinder
Aim: Grinder (severely wounded, 100% to hit)
The magic dart hits Grinder but does no damage.
Grinder is severely wounded.
Grinder blinks!
Grinder is nearby!
Aiming: Magic Dart (safe; 56% risk of failure)
Press: ? - help, Q - select action, (/) - cycle Shift-Dir - straight line, f/p - Grinder
Aim: Grinder (severely wounded, 100% to hit)
You miscast Magic Dart.
You are very lightly contaminated with residual magic.
Nothing appears to happen.
Grinder gestures at you. Pain shoots through your body!
* * * LOW HITPOINT WARNING * * *
You hit Grinder but do no damage.
Grinder is severely wounded.
Grinder blinks!
Grinder gestures at you.
You barely resist.
Grinder blinks!
Your magical contamination has completely faded away.
You hit Grinder.
Grinder is severely wounded.
Grinder blinks!
You hit Grinder but do no damage.
Grinder is severely wounded.
Grinder blinks!
Grinder gestures at you. Pain shoots through your body!
* * * LOW HITPOINT WARNING * * *
You hit Grinder but do no damage.
Grinder is severely wounded.
Grinder blinks!
You see here a silver javelin.
x - a silver javelin Grinder gestures at you.
Pain shoots through your body!
You die...
Grinder sighs, "Dead already?
I want a refund."

#.....##.## #..###.# #.#######
#........# #..###.# #........
#.....#### #......# #..#####.
##...## ##'##### #..#####.
##.##########.(.## #......#.
#.........##..(..## ##.###.#.
#..#.####.#.......## ##.###.#.
#.....###..........####........
#......>......@..5.'...........
#.#...###..........####......#.
#.....###.#.......## ##..#####
#.........##.....## ##.#
#.###########...## #.# #.#
##'## #.# #.# #.# #.# #.# #.#
#.# #.# ##.## #.#


You could see Grinder.

Vanquished Creatures
  An ogre (D:2)
  Crazy Yiuf (D:2)
  An adder (D:2)
  3 gnolls (D:4)
  3 dart slugs
  A ribbon worm (D:2)
  3 endoplasms
  3 giant cockroaches
  4 goblins
  7 hobgoblins
  7 quokkas
  4 ball pythons
  2 bats (D:2)
  4 frilled lizards
  4 kobolds
  2 rats (D:2)
50 creatures vanquished.

Notes
Turn   | Place    | Note
-------+----------+-------------------------------------------
     0 | D:1      | wildpjah the Merfolk Gladiator began the quest for the Orb.
     0 | D:1      | Reached XP level 1. HP: 16/16 MP: 1/1
   315 | D:1      | Reached XP level 2. HP: 23/23 MP: 2/2
   845 | D:2      | Noticed an ogre
   853 | D:2      | Killed an ogre
   854 | D:2      | Reached skill level 5 in Dodging
   854 | D:2      | Reached XP level 3. HP: 26/28 MP: 3/3
   854 | D:2      | Reached XP level 4. HP: 32/34 MP: 4/4
   870 | D:2      | Found a faded altar of an unknown god.
   878 | D:2      | Prayed at the altar of an unknown god.
   878 | D:2      | Became a worshipper of Vehumet
   878 | D:2      | Reached * piety under Vehumet
   878 | D:2      | Offered knowledge of Magic Dart by Vehumet.
   909 | D:2      | Reached XP level 5. HP: 39/40 MP: 5/5
   930 | D:2      | Learned a level 1 spell: Magic Dart
  1007 | D:2      | Reached skill level 5 in Long Blades
  1456 | D:2      | Found a runed translucent door.
  1457 | D:2      | Noticed Crazy Yiuf
  1511 | D:2      | Killed Crazy Yiuf
  1512 | D:2      | Reached skill level 1 in Armour
  1654 | D:2      | Found Joacaif's Magic Scroll Boutique.
  1657 | D:2      | Bought a scroll of identify for 22 gold pieces
  2688 | D:4      | Reached skill level 1 in Stealth
  2850 | D:4      | Noticed Grinder
  2861 | D:4      | Paralysed by Grinder for 5 turns
  2877 | D:4      | HP: 2/40 [orc/+0 trident (5)]
  2893 | D:4      | Found an ornate altar of the Wu Jian Council.
  3097 | D:4      | Paralysed by Grinder for 4 turns
  3131 | D:3      | Killed from afar by Grinder

Illustrated notes

Levels and vault maps discovered:
D:1:      heliophobic_arrival_ceremonial_halls, layout_basic
D:2:      layout_loops_cross, serial_shops, nicolae_shop_rolled_up,
          ebering_ecumenical_altar_ruins, minmay_distorted,
          uniq_crazy_yiuf_cottage
D:3:      layout_loops_corners, grunt_decor_arrowhead
D:4:      layout_cave_pools, lemuel_coloured_pillars_altar,
          nzn_wu_jian_contemplation, uniq_grinder, uniq_natasha,
          uniq_blork_the_orc

Skill      XL: |  1  2  3  4  5 |
---------------+----------------+-----
Long Blades    | 4 5 |  5.7
Dodging        | 5 |  5.1
Armour         | 1 |  1.0
Stealth        | 1 |  1.0
Fighting       | |  2.9
Throwing       | |  2.2
Shields        | |  0.3
Spellcasting   | |  0.1
Conjurations   | |  0.2

Action                     |  1- 3 |  4- 6 || total
---------------------------+-------+-------++-------
  Melee: Long sword        |    50 |   100 ||   150
         Punch             |     1 |       ||     1
  Throw: Throwing net      |     2 |     2 ||     4
         Javelin           |       |     3 ||     3
   Cast: Magic Dart        |       |    21 ||    21
    Use: Scroll            |       |     7 ||     7
   Stab: Held in net/web   |     1 |       ||     1
         Sleeping          |       |     2 ||     2
 Armour: Leather armour    |     6 |    40 ||    46
         Ring mail         |    14 |     5 ||    19
  Dodge: Dodged            |    26 |    51 ||    77
  Block: Buckler           |     6 |    20 ||    26
